Map: Beckett Industries LE

Players

Scarlett - Winner!

  • Race: Zerg Zerg

Neeb

  • Race: Protoss Protoss

Event: DreamHack SC2 Masters 2021 Winter

VOD

Have the link to the VOD?

Description

Time

  • Played on: Oct. 17, 2021, 5:43 p.m.
  • Length: 16:50

All games in this series

Show
View Real Time Build Order
Export as new Build Order

Scarlett Zerg - Winner!

Build Orders: Hatch First, Brood Lord Corruptor 

Get SALT Encoding   

  12  0:00  Drone  
  13  0:12  Overlord  
  13  0:16  Drone  
  14  0:30  Drone x2  
  16  0:40  Drone  
  17  0:51  Hatchery  
  17  0:55  Drone  
  17  0:58  Drone  
  18  1:08  Extractor  
  17  1:14  Spawning Pool  
  17  1:17  Drone  
  17  1:20  Drone  
  18  1:28  Drone  
  19  1:39  Drone  
  20  1:49  Overlord  
  20  2:00  Queen  
  22  2:03  Drone, Queen  
  22  2:04  Zergling x2  
  26  2:11  Zergling x2  
  26  2:13  Metabolic Boost  
  27  2:17  Drone  
  28  2:23  Drone  
  28  2:28  Drone  
  30  2:38  Queen  
  30  2:43  Hatchery  
  31  2:47  Overlord  
  31  2:50  Drone  
  31  2:51  Drone  
  33  2:53  Zergling x2  
  33  2:58  Drone x2  
  36  3:05  Overlord  
  36  3:09  Drone  
  36  3:11  Drone x3  
  40  3:15  Drone x2  
  42  3:21  Queen  
  45  3:27  Drone  
  45  3:28  Drone  
  46  3:35  Overlord  
  46  3:37  Queen  
  46  3:38  Drone x2  
  50  3:43  Spore Crawler  
  50  3:47  Drone  
  50  3:48  Drone x2  
  52  3:53  Drone x4  
  51  3:58  Drone x2  
  51  4:01  Drone  
  54  4:09  Spore Crawler  
  53  4:10  Drone x3  
  53  4:14  Queen  
  58  4:22  Zergling x10  
  58  4:46  Drone x7  
  65  4:53  Drone, Overlord  
  65  4:56  Extractor  
  65  4:57  Roach Warren  
  65  4:58  Lair  
  64  5:01  Extractor  
  64  5:02  Spore Crawler  
  64  5:03  Extractor  
  64  5:05  Drone  
  64  5:06  Drone x7, Overlord  
  66  5:09  Overlord  
  65  5:14  Drone  
  65  5:16  Drone  
  65  5:18  Drone x4  
  70  5:30  Hatchery  
  70  5:31  Drone x6  
  75  5:39  Extractor  
  75  5:40  Extractor  
  75  5:41  Drone x6  
  78  5:44  Evolution Chamber  
  78  5:47  Queen  
  78  5:49  Overlord  
  78  5:58  Drone, Glial Reconstitution  
  78  5:59  Drone  
  78  6:00  Drone x6  
  86  6:07  Overlord x2  
  86  6:09  Overseer  
  86  6:11  Zerg Missile Weapons Level 1  
  86  6:12  Roach x2  
  86  6:14  Overlord  
  90  6:21  Roach x3  
  90  6:25  Overlord x2  
  96  6:27  Drone  
  96  6:29  Drone  
  96  6:30  Spore Crawler  
  97  6:35  Drone x5  
  102  6:45  Drone x7  
  109  6:48  Drone  
  109  6:49  Spore Crawler  
  109  6:50  Drone, Baneling Nest  
  109  6:52  Infestation Pit  
  108  7:02  Roach x4  
  108  7:03  Overseer  
  120  7:08  Roach x3  
  120  7:09  Ravager x5  
  120  7:12  Roach x2  
  120  7:15  Hatchery  
  130  7:20  Roach x6  
  140  7:26  Drone x2  
  140  7:27  Drone x4  
  142  7:32  Hive  
  142  7:35  Drone  
  142  7:36  Spire  
  142  7:38  Drone x2  
  142  7:40  Extractor  
  142  7:41  Extractor  
  142  7:42  Overlord x3  
  142  7:46  Overlord x3  
  142  7:48  Drone  
  142  7:51  Drone  
  144  7:52  Evolution Chamber  
  144  7:53  Drone  
  144  8:01  Drone x8  
  144  8:04  Zergling x6  
  155  8:10  Spine Crawler  
  151  8:22  Spine Crawler  
  151  8:23  Zergling x22  
  151  8:24  Zerg Missile Weapons Level 2, Zergling x10, Zerg Melee Weapons Level 1  
  166  8:30  Spine Crawler  
  166  8:33  Centrifugal Hooks  
  165  8:40  Overlord  
  165  8:43  Zergling x24  
  165  8:46  Overlord x2  
  177  8:49  Baneling  
  177  8:50  Baneling x6  
  177  8:52  Roach x2  
  164  9:10  Roach x9  
  167  9:18  Greater Spire  
  167  9:20  Zergling x16, Roach x5  
  167  9:24  Baneling x16  
  181  9:30  Adrenal Glands  
  181  9:35  Ravager x9  
  181  9:36  Zergling x10  
  181  9:37  Zergling x4  
  197  9:40  Spine Crawler  
  197  9:41  Spine Crawler  
  193  9:49  Zergling x16  
  169  10:00  Roach x8  
  169  10:04  Roach x5  
  173  10:09  Roach x4  
  165  10:21  Drone x6  
  162  10:28  Spore Crawler, Zerg Melee Weapons Level 2  
  159  10:30  Corruptor x4  
  159  10:34  Drone  
  159  10:35  Drone x5  
  173  10:44  Corruptor x3  
  173  10:48  Extractor  
  173  10:49  Extractor  
  177  11:06  Brood Lord x3  
  183  11:11  Zerg Flyer Weapons Level 1  
  183  11:12  Overlord x2  
  183  11:17  Spine Crawler  
  182  11:20  Zergling x16  
  182  11:21  Brood Lord x3  
  196  11:27  Brood Lord  
  196  11:29  Overseer  
  196  11:30  Baneling x5  
  197  11:44  Zerg Missile Weapons Level 3  
  195  11:50  Spine Crawler  
  186  12:04  Zergling x16  
  186  12:05  Zergling x12  
  199  12:09  Baneling x5  
  199  12:10  Baneling x6  
  168  12:36  Corruptor x9  
  151  12:41  Zergling x8  
  151  12:42  Zergling x4  
  151  12:53  Drone  
  151  12:54  Drone x4  
  154  13:11  Brood Lord x3  
  160  13:15  Brood Lord  
  160  13:16  Brood Lord x4  
  170  13:21  Brood Lord  
  170  13:22  Zergling x14  
  170  13:23  Zergling x16  
  170  13:25  Queen  
  189  13:29  Baneling x10  
  182  13:54  Corruptor x6  
  185  14:02  Hatchery  
  184  14:06  Hatchery  
  164  14:10  Zergling x20  
  156  14:22  Roach x4  
  156  14:23  Roach x2  
  160  14:28  Roach x2  
  158  14:34  Corruptor  
  153  14:41  Roach x3  
  144  15:08  Roach x5  
  144  15:11  Roach x2  
  132  15:46  Roach  
  132  15:47  Roach x11  
  150  16:17  Roach x8  
  150  16:29  Roach x4  
  150  16:31  Ravager  
  150  16:32  Ravager x11  
Show
View Real Time Build Order
Export as new Build Order

Neeb Protoss 

Build Orders: 1 Gate Expand, Oracle Opening, Zealot Archon 

Get SALT Encoding   

  12  0:00  Probe  
  13  0:12  Probe  
  14  0:19  Pylon  
  14  0:24  Probe  
  15  0:37  Probe (Chrono Boost)  
  15  0:41  Gateway  
  16  0:47  Probe (Chrono Boost)  
  16  0:48  Assimilator  
  17  0:52  Probe (Chrono Boost)  
  18  1:04  Probe  
  19  1:16  Probe  
  20  1:26  Nexus  
  20  1:37  Cybernetics Core  
  21  1:40  Probe  
  21  1:46  Assimilator  
  21  1:52  Probe  
  22  1:57  Pylon  
  22  2:04  Probe (Chrono Boost)  
  23  2:15  Adept (Chrono Boost)  
  24  2:16  Probe (Chrono Boost), Stargate  
  24  2:21  Probe  
  27  2:31  Warp Gate  
  27  2:33  Probe  
  28  2:37  Adept  
  28  2:38  Probe  
  31  2:45  Probe  
  31  2:50  Probe  
  33  2:56  Oracle (Chrono Boost)  
  33  2:58  Probe  
  34  3:03  Gateway  
  34  3:05  Probe  
  38  3:11  Pylon  
  38  3:12  Probe  
  39  3:17  Probe  
  39  3:19  Adept  
  42  3:24  Probe  
  43  3:31  Oracle (Chrono Boost)  
  43  3:32  Probe  
  47  3:36  Probe  
  47  3:41  Pylon  
  48  3:44  Probe  
  50  3:48  Probe  
  50  3:56  Probe  
  50  3:59  Oracle (Chrono Boost)  
  50  4:00  Assimilator, Probe  
  50  4:02  Assimilator  
  55  4:08  Probe, Pylon  
  56  4:12  Probe  
  57  4:20  Probe  
  57  4:24  Probe  
  58  4:32  Probe  
  58  4:35  Nexus  
  58  4:36  Pylon  
  58  4:37  Probe  
  60  4:43  Robotics Facility  
  60  4:44  Probe  
  60  4:45  Forge  
  61  4:49  Probe  
  61  4:50  Pylon  
  58  4:54  Adept x2  
  58  4:56  Probe  
  58  4:58  Gateway  
  63  5:07  Probe  
  63  5:08  Probe  
  63  5:11  Shield Battery  
  65  5:17  Protoss Ground Weapons Level 1  
  65  5:19  Probe  
  65  5:20  Gateway  
  65  5:21  Probe  
  67  5:23  Twilight Council  
  67  5:31  Probe  
  67  5:33  Probe  
  67  5:35  Immortal (Chrono Boost)  
  67  5:42  Robotics Bay  
  69  5:44  Probe (Chrono Boost), Sentry x2  
  69  5:45  Probe (Chrono Boost)  
  69  5:49  Probe (Chrono Boost)  
  76  5:55  Probe x2 (Chrono Boost)  
  79  5:57  Probe (Chrono Boost)  
  79  6:00  Probe (Chrono Boost)  
  79  6:01  Assimilator, Probe (Chrono Boost)  
  79  6:02  Assimilator, Pylon  
  79  6:03  Charge  
  81  6:04  Observer (Chrono Boost)  
  81  6:09  Probe  
  81  6:10  Zealot, Sentry  
  87  6:12  Probe  
  87  6:13  Probe  
  89  6:21  Probe  
  89  6:25  Gateway, Probe x2  
  92  6:26  Gateway  
  92  6:28  Disruptor (Chrono Boost)  
  92  6:31  Templar Archives  
  95  6:36  Gateway  
  95  6:37  Pylon  
  95  6:40  Gateway  
  95  6:41  Zealot  
  95  6:42  Zealot  
  95  6:44  Zealot  
  95  6:47  Zealot  
  103  6:56  Gateway  
  103  6:58  Gateway  
  103  6:59  Disruptor (Chrono Boost)  
  106  7:02  Pylon  
  106  7:21  Probe  
  105  7:28  High Templar x4  
  105  7:29  Disruptor (Chrono Boost)  
  110  7:32  Archon  
  110  7:33  Archon  
  110  7:35  Nexus, Protoss Ground Weapons Level 2 (Chrono Boost)  
  110  7:37  Probe x2, Pylon  
  110  7:38  Photon Cannon  
  110  7:40  Photon Cannon, Zealot x4  
  110  7:44  Probe  
  119  7:49  Probe  
  119  7:50  Probe  
  121  7:53  Blink  
  121  7:56  Photon Cannon, Probe  
  122  8:11  Stalker x5  
  132  8:23  Pylon  
  132  8:26  Pylon  
  132  8:29  Robotics Facility  
  132  8:33  Probe  
  133  8:37  Gateway  
  133  8:39  Gateway  
  133  8:40  Pylon  
  133  8:41  Probe x2  
  135  8:45  Probe  
  135  8:48  Zealot, High Templar x4  
  140  8:49  Zealot x5  
  140  8:52  Photon Cannon  
  140  8:53  Archon x2  
  156  8:58  Photon Cannon  
  147  9:10  Observer  
  144  9:22  Assimilator x2  
  142  9:24  High Templar x3  
  142  9:25  Zealot x6, High Templar  
  162  9:32  Archon  
  162  9:35  Stalker  
  162  9:36  Warp Prism, Stalker  
  168  9:40  Pylon x2  
  168  9:41  Pylon  
  168  9:43  Pylon  
  168  9:44  Pylon  
  168  9:51  Archon  
  148  10:02  Probe  
  129  10:07  Protoss Ground Weapons Level 3 (Chrono Boost)  
  107  10:21  Stalker x10  
  111  10:26  Immortal (Chrono Boost)  
  111  10:27  Immortal (Chrono Boost)  
  134  10:49  Psionic Storm, Nexus  
  134  10:50  Pylon  
  134  10:52  Immortal x2 (Chrono Boost)  
  142  10:59  High Templar x4  
  142  11:00  Zealot x4  
  142  11:01  Zealot x2  
  142  11:03  Zealot x2  
  166  11:06  Photon Cannon  
  166  11:10  Photon Cannon  
  166  11:16  Photon Cannon  
  166  11:17  Photon Cannon  
  166  11:19  Observer x2 (Chrono Boost)  
  168  11:29  Zealot x7  
  168  11:30  Zealot  
  180  11:40  Assimilator  
  180  11:44  Assimilator  
  180  11:46  Photon Cannon  
  180  11:48  Photon Cannon  
  180  11:50  Shield Battery  
  180  11:52  Shield Battery  
  180  11:54  Zealot x2  
  180  11:55  Zealot x7  
  180  11:59  Zealot x2  
  200  12:17  Fleet Beacon  
  200  12:27  Archon  
  200  12:28  Archon  
  164  12:32  Stalker x7  
  164  12:33  Stalker x3  
  145  12:53  Stargate  
  145  12:54  Photon Cannon  
  145  12:57  Stargate  
  145  13:05  High Templar x4  
  147  13:06  High Templar x3  
  147  13:07  High Templar  
  147  13:08  Stalker x4  
  161  13:22  Protoss Shields Level 1 (Chrono Boost)  
  161  13:37  High Templar x4  
  161  13:38  Zealot x6  
  161  13:40  Zealot x2  
  181  13:41  Archon x2  
  169  13:53  Probe x2  
  141  13:58  Zealot x6  
  149  14:14  Nexus  
  137  14:20  Zealot x7  
  139  14:29  Void Ray (Chrono Boost)  
  135  14:44  High Templar  
  135  14:45  High Templar x7  
  143  14:46  High Templar  
  143  14:52  Archon x3  
  144  14:53  Archon  
  119  15:12  High Templar  
  119  15:13  High Templar  
  113  15:20  Cybernetics Core, Archon  
  99  15:46  Probe x2  
  99  15:47  Probe  
  80  15:58  Stalker x2, Probe  
  80  15:59  Stalker x2  
  80  16:02  Robotics Facility  
  79  16:11  Pylon  
  71  16:28  Probe  
  70  16:34  Pylon  
  70  16:38  Gateway  
  67  16:42  Gateway  
  67  16:45  Gateway  

Tags
 
Add a new tag
Caveats
  • Supply blocks, unpowered buildings, or Contaminate may cause inaccurate times.
  • Supply counts are checked every 10 seconds.